Map: Interloper LE

Players

Metasapien - Winner!

  • Race: Zerg Zerg
  • League: Gold
  • Spawn Location: 5:00

A.I. 1 (Elite)

  • Race: Zerg Zerg
  • Spawn Location: 11:00

VOD

Have the link to the VOD?

Description

Time

  • Played on: Sept. 16, 2017, 6:01 p.m.
  • Length: 8:51
Show
View Real Time Build Order
Export as new Build Order

Metasapien Zerg - Winner!

Build Orders: Hatch First 

Get SALT Encoding   

  12  0:01  Drone  
  13  0:13  Drone  
  14  0:18  Overlord  
  14  0:21  Extractor  
  14  0:24  Drone  
  15  0:37  Drone x2  
  17  0:55  Hatchery  
  17  0:57  Drone  
  17  1:12  Spawning Pool  
  17  1:14  Drone  
  17  1:18  Drone  
  18  1:22  Extractor  
  17  1:33  Drone  
  17  1:34  Drone  
  19  1:40  Drone  
  20  1:50  Overlord  
  20  1:59  Queen  
  22  2:11  Roach Warren  
  22  2:14  Queen  
  23  2:17  Zergling x2  
  23  2:19  Zergling x2  
  23  2:20  Drone  
  23  2:21  Drone  
  27  2:27  Metabolic Boost  
  27  2:32  Overlord  
  27  2:36  Drone  
  28  2:49  Drone  
  29  2:54  Drone  
  29  2:56  Drone  
  29  2:57  Drone x2  
  33  3:08  Roach  
  35  3:17  Roach x3  
  35  3:18  Roach  
  35  3:19  Overlord  
  40  3:36  Roach x2  
  38  3:48  Drone  
  38  3:49  Drone x6  
  45  3:59  Queen  
  45  4:00  Queen  
  49  4:07  Extractor  
  48  4:11  Extractor  
  48  4:16  Extractor, Roach  
  48  4:17  Roach x2  
  52  4:24  Overlord x2  
  52  4:26  Overlord  
  52  4:49  Drone x3  
  52  4:51  Drone x2  
  57  5:07  Lair  
  57  5:09  Drone  
  57  5:11  Drone  
  57  5:12  Drone x2  
  57  5:14  Hatchery  
  60  5:16  Overlord x2  
  60  5:17  Overlord  
  60  5:19  Roach x2  
  60  5:20  Roach  
  66  5:33  Pneumatized Carapace  
  66  5:38  Drone x2  
  66  5:39  Drone x2  
  70  5:44  Ravager x2  
  70  5:47  Roach x4  
  70  5:48  Zergling x4  
  82  6:05  Drone x2  
  82  6:09  Evolution Chamber  
  83  6:12  Evolution Chamber  
  83  6:16  Queen  
  79  6:22  Zergling x8  
  79  6:23  Zergling x2  
  84  6:30  Ravager x2  
  86  6:40  Queen  
  86  6:42  Drone x2  
  86  6:43  Drone x4  
  86  6:44  Drone  
  95  6:52  Queen  
  97  6:59  Overlord x3  
  97  7:02  Overseer  
  97  7:12  Roach  
  97  7:13  Roach x3  
  86  7:30  Roach x2  
  86  7:36  Hydralisk Den  
  89  7:40  Infestation Pit  
  89  7:42  Drone x3  
  91  8:04  Ravager  
  91  8:05  Ravager  
  88  8:14  Hydralisk  
  88  8:15  Roach x2, Hydralisk x5  
  88  8:16  Hydralisk x2, Roach x7  
  88  8:17  Roach  
Show
View Real Time Build Order
Export as new Build Order

A.I. 1 (Elite) Zerg 

Build Orders: Pool First, Zergling Baneling 

Get SALT Encoding   

  12  0:00  Drone  
  13  0:08  Drone  
  14  0:17  Overlord  
  14  0:35  Spawning Pool  
  13  0:37  Drone  
  13  0:41  Extractor  
  13  0:43  Drone  
  13  0:48  Drone  
  15  1:21  Queen, Zergling x4  
  15  1:22  Zergling x2  
  20  1:44  Hatchery  
  19  1:49  Drone  
  19  1:54  Zergling x2  
  21  1:59  Zergling x2  
  22  2:08  Overlord  
  22  2:19  Baneling Nest  
  22  2:21  Drone  
  22  2:27  Zergling x2  
  23  2:30  Zergling x2  
  23  2:35  Zergling x2  
  25  2:40  Zergling x2  
  26  3:03  Zergling x2, Baneling  
  27  3:13  Overlord  
  27  3:19  Zergling x2  
  28  3:24  Zergling x2  
  29  3:31  Zergling x2  
  27  3:36  Zergling x2, Baneling x2  
  27  3:41  Zergling x2, Baneling x2  
  28  3:45  Zergling x2  
  29  3:48  Baneling x2  
  29  3:50  Zergling x2  
  29  3:55  Zergling x2  
  31  4:00  Zergling x2  
  32  4:03  Zergling x2  
  32  4:07  Zergling x2, Baneling x2  
  34  4:11  Zergling x2  
  34  4:16  Zergling x2  
  36  4:19  Baneling  
  36  4:22  Drone  
  37  4:36  Roach Warren  
  36  4:46  Overlord  
  36  4:49  Drone  
  37  4:53  Drone  
  37  4:56  Drone  
  40  5:00  Drone  
  40  5:14  Lair  
  40  5:23  Roach  
  42  5:38  Drone, Extractor  
  42  5:39  Extractor  
  42  5:40  Drone  
  42  5:48  Extractor  
  42  5:49  Drone  
  42  5:54  Drone  
  43  5:58  Overlord, Drone  
  43  6:03  Drone  
  45  6:06  Drone  
  45  6:10  Drone  
  43  6:14  Hydralisk Den  
  43  6:16  Drone  
  37  6:20  Drone, Roach  
  40  6:26  Drone, Roach  
  40  6:31  Roach  
  45  6:34  Drone  
  45  6:37  Drone  
  47  6:41  Drone  
  47  6:42  Hydralisk  
  47  6:46  Hydralisk  
  50  6:53  Hydralisk  
  54  7:01  Overlord  
  54  7:06  Hydralisk  
  56  7:09  Drone  
  56  7:12  Drone  
  57  7:16  Drone  
  57  7:18  Drone  
  57  7:22  Zergling x2  
  52  7:25  Zergling x2  
  52  7:29  Roach  
  45  7:36  Roach  
  45  7:43  Roach  
  44  7:48  Zergling x2  
  43  7:55  Zergling x2  
  42  8:02  Roach  
  21  8:38  Drone  
Tags
 
Add a new tag
Caveats
  • Supply blocks, unpowered buildings, or Contaminate may cause inaccurate times.
  • Supply counts are checked every 10 seconds.